 Dungeon Crawl Stone Soup version 0.23-b1-67-g8bd44de (webtiles) character file.

Game seed: 4921248624813907836

79 redwoodhats the Skirmisher (level 4, -4/40 HPs)
             Began as a Centaur Chaos Knight on Feb 5, 2019.
             Was a Plaything of Xom.
             Slain by a salamander (shapeshifter) (13 damage)
             ... on level 2 of the Dungeon.
             The game lasted 00:09:18 (1671 turns).

redwoodhats the Skirmisher (Centaur Chaos Knight)   Turns: 1671, Time: 00:09:19

Health: -4/40      AC:  6    Str: 15    XL:     4   Next: 17%
Magic:  4/4        EV:  9    Int: 11    God:    Xom [....*.]
Gold:   60         SH:  0    Dex:  9    Spells: 3/3 levels left

rFire    . . .     SeeInvis .   a - +0 falchion (chaos)
rCold    . . .     Gourm    .   (no shield)
rNeg     + . .     Faith    .   b - +2 leather armour
rPois    .         Spirit   .   (no helmet)
rElec    .         Reflect  .   (no cloak)
rCorr    .         Harm     .   (no gloves)
MR       .....                  (no barding)
Stlth    ..........             (no amulet)
HPRegen  0.13/turn              i - ring of positive energy
MPRegen  0.09/turn              (no ring)

@: very quick
A: large, hooves 3, deformed body, speed 2, tough skin 3
a: Renounce Religion


You were on level 2 of the Dungeon.
You worshipped Xom.
You were a beloved toy of Xom.
You were not hungry.

You visited 1 branch of the dungeon, and saw 2 of its levels.

You collected 60 gold pieces.

Inventory:

Hand Weapons
 a - a +0 falchion of chaos (weapon)
 f - a +0 hunting sling
Missiles
 g - 28 stones (quivered)
 h - 15 sling bullets
 j - 5 tomahawks
Armour
 b - a +2 leather armour (worn)
Jewellery
 i - a ring of positive energy (left hand)
Scrolls
 c - a scroll of fear {unknown}
 d - a scroll of teleportation {unknown}
 e - a scroll of identify


   Skills:
 + Level 3.7 Fighting
 + Level 3.4 Long Blades
 + Level 1.2 Slings
 + Level 1.6 Armour
 + Level 1.2 Dodging


You had 3 spell levels left.
You didn't know any spells.
Your spell library was empty.

Dungeon Overview and Level Annotations

Branches:
Dungeon (2/15)

Altars:
Ashenzari


Innate Abilities, Weirdness & Mutations

You have hooves in place of feet.
Armour fits poorly on your strangely shaped body.
You cover ground very quickly.
You have extremely tough skin. (AC +3)


Message History

You closely miss the jackal.
The jackal is heavily wounded.
A jackal appears from thin air!
Reactivating autopickup.
The jackal barely misses you. The jackal closely misses you.
The jackal bites you.
* * * LOW HITPOINT WARNING * * *
You hit the jackal but do no damage.
The jackal changes into a shapeshifter!
Your kick misses the shapeshifter.
The shapeshifter changes into a salamander!
The jackal bites you but does no damage.
The jackal closely misses you.
You barely miss the salamander. Your kick misses the salamander.
The jackal closely misses you. The salamander completely misses you.
You hit the salamander.
The salamander is lightly wounded.
The jackal bites you but does no damage.
The salamander hits you!
You die...
Xom guffaws!

..# .# ..# #.###### ..#
#############......
..####.........†)......#
...............†......># #
...................#.#.#.#
######.##..........#.#.#.###.#
#...........h............
#..........@N(....# .#
#.....###....#..#.##.##
......#_#....#........#
.....#'#....#........##
####.#####..........# ..
###......?.# #. ...$.......#
#####....[%.# #.......#


You could see a salamander shaped shifter and a jackal.

Vanquished Creatures
  3 adders (D:2)
  A leopard gecko (D:1)
  An orc (D:2)
  4 giant cockroaches
  9 goblins
  4 hobgoblins
  3 jackals (D:2)
  8 bats
  2 frilled lizards (D:1)
  8 kobolds
  5 rats
48 creatures vanquished.

Notes
Turn   | Place    | Note
-------+----------+-------------------------------------------
     0 | D:1      | redwoodhats the Centaur Chaos Knight began the quest for
                  | the Orb.
     0 | D:1      | Reached XP level 1. HP: 19/19 MP: 1/1
    51 | D:1      | Reached XP level 2. HP: 17/26 MP: 2/2
   320 | D:1      | XOM: divination: magic mapping
   923 | D:2      | XOM: silly message
   926 | D:2      | Reached XP level 3. HP: 11/31 MP: 3/3
  1197 | D:2      | XOM: silly message
  1336 | D:2      | Reached skill level 1 in Dodging
  1390 | D:2      | XOM: cast spell 'Metabolic Englaciation'
  1439 | D:2      | Reached skill level 1 in Slings
  1439 | D:2      | Reached XP level 4. HP: 31/40 MP: 4/4
  1605 | D:2      | Found a shattered altar of Ashenzari.
  1644 | D:2      | XOM: god gift: 21 stones
  1669 | D:2      | Noticed a shapeshifter
  1669 | D:2      | a jackal changed into a shapeshifter
  1669 | D:2      | Noticed a salamander
  1669 | D:2      | a shapeshifter changed into a salamander
  1671 | D:2      | Slain by a salamander (shapeshifter)

Skill      XL: |  1  2  3 |
---------------+----------+-----
Long Blades    | 3 |  3.4
Dodging        | 1 |  1.2
Slings         | 1 |  1.2
Fighting       | |  3.7
Armour         | |  1.6

Action                   |  1- 3 |  4- 6 || total
-------------------------+-------+-------++-------
Melee: Falchion          |    75 |    31 ||   106
       Kick              |     9 |     3 ||    12
 Fire: Hunting sling     |    42 |       ||    42
  Use: Potion            |     3 |       ||     3
       Scroll            |     2 |       ||     2
  Eat: Ration            |     1 |       ||     1
Armor: Leather armour    |    56 |    73 ||   129
Dodge: Dodged            |    45 |    28 ||    73
       Rpst.: Falchion   |     9 |     9 ||    18
